AoeStats
← pommesbudenhans6

Arabia

509247352Analyzed
2v2 RM · 6d ago on Sep 26, 2026· 57m 55s· 4 players
Game mode
Random Map
Map size
Medium (4 player)
Population
200
Speed
Normal
Resources
Standard
Victory
Conquest
Starting age
Dark Age
Ending age
Imperial Age
RankedLock teamsTeams togetherTeam positionsShared explorationLock speedFull tech treeHidden civsTurbo modeCheats
Victory
Defeat
🇨🇳 Vikings · China
1338
+12
🇦🇷 Hindustanis · Argentina
1307
+13
🇩🇪 Persians · Germany
1354
-16
🇩🇪 Britons · Germany
1150
-9
KingCobraCar
7:27 Loom
9:50 Feudal Age
10:22 Horse Collar
10:38 Double-Bit Axe
24:30 Castle Age
24:13 Scale Barding Armor
24:19 Forging
24:25 Bloodlines
26:31 Chain Barding Armor
30:46 Heavy Plow
30:57 Bow Saw
37:44 Imperial Age
36:23 Fletching
41:17 Scale Mail Armor
41:52 Iron Casting
47:19 Blast Furnace
50:24 Wheelbarrow
52:08 Chain Mail Armor
52:30 Plate Barding Armor
55:52 Light Cavalry
无助小羊
6:54 Loom
9:09 Feudal Age
13:17 Double-Bit Axe
20:28 Castle Age
18:43 Fletching
19:31 Padded Archer Armor
20:34 Crossbowman
21:24 Bodkin Arrow
22:28 Leather Archer Armor
23:08 Ballistics
23:29 Squires
33:46 Imperial Age
33:50 Arbalester
34:49 Town Watch
36:26 Chemistry
36:27 Bracer
43:32 Pikeman
44:44 Ring Archer Armor
44:52 Scale Mail Armor
45:32 Conscription
45:49 Forging
45:50 Gold Mining
46:11 Bow Saw
45:43 Horse Collar
46:56 Chain Mail Armor
47:04 Elite Varangian Guard
50:28 Plate Mail Armor
53:49 Iron Casting
KickersEmden_AoE
6:39 Loom
8:59 Feudal Age
9:36 Double-Bit Axe
9:34 Horse Collar
17:14 Wheelbarrow
20:55 Castle Age
19:53 Scale Barding Armor
19:59 Forging
20:54 Bloodlines
21:44 Bow Saw
27:56 Chain Barding Armor
39:49 Imperial Age
38:19 Iron Casting
41:08 Plate Barding Armor
40:08 Cavalier
42:34 Husbandry
50:09 Fletching
50:20 Padded Archer Armor
52:49 Bodkin Arrow
53:16 Leather Archer Armor
54:49 Chemistry
54:11 Ballistics
55:45 Elite Skirmisher
57:28 Blast Furnace
56:16 Light Cavalry
pommesbudenhans6
4:50 Loom
10:17 Feudal Age
11:58 Double-Bit Axe
13:29 Gold Mining
17:30 Horse Collar
22:22 Castle Age
21:41 Stone Mining
21:50 Town Watch
22:27 Arson
22:38 Fletching
22:41 Crossbowman
25:44 Bodkin Arrow
29:12 Wheelbarrow
29:07 Ballistics
28:58 Masonry
29:36 Padded Archer Armor
31:01 Heavy Plow
31:32 Bow Saw
34:22 Wheelbarrow
42:47 Imperial Age
42:43 Hand Cart
45:32 Bracer
51:39 Arbalester
54:05 Leather Archer Armor
Connection lost

Rejoining the realm…

Still unreachable

The connection could not be restored.

Session expired

The server has moved on; the page needs a fresh start.